 Dungeon Crawl Stone Soup version 0.30-a0-170-g85af917532 (webtiles) character file.

Game seed: 13374363883510675209

135 dave1331 the Trooper (level 5, -8/47 HPs)
             Began as a Hill Orc Fighter on Sept 30, 2022.
             Was a Believer of Wu Jian.
             Mangled by an iguana (10 damage)
             ... on level 3 of the Dungeon on Oct 1, 2022.
             The game lasted 00:10:59 (2720 turns).

dave1331 the Trooper (Hill Orc Fighter)             Turns: 2720, Time: 00:10:59

Health: -8/47      AC:  7    Str: 21    XL:     5   Next: 18%
Magic:  14/14      EV:  9    Int:  8    God:    Wu Jian [**....]
Gold:   99         SH:  5    Dex: 16    Spells: 4/4 levels left

rFire   . . .      SeeInvis .    a - +0 flail
rCold   . . .      Faith    .    c - +0 buckler
rNeg    . . .      Spirit   .    b - +0 scale mail
rPois   .          Reflect  .    (no helmet)
rElec   .          Harm     .    (no cloak)
rCorr   .          Rampage  .    (no gloves)
Will    .....                    (no boots)
Stlth   ..........               (no amulet)
HPRegen 0.15/turn                e - ring of magical power
MPRegen 0.14/turn                k - +6 ring of dexterity

@: no status effects
A: no striking features
a: Renounce Religion, Wall Jump


You were on level 3 of the Dungeon.
You worshipped Wu Jian.
Wu Jian was pleased with you.
You visited 1 branch of the dungeon, and saw 3 of its levels.

You collected 99 gold pieces.

Inventory:

Hand Weapons
 a - a +0 flail (weapon)
Armour
 b - a +0 scale mail (worn)
 c - a +0 buckler (worn)
Jewellery
 e - a ring of magical power (left hand)
 k - a +6 ring of dexterity (right hand)
Wands
 m - a wand of flame (10)
Scrolls
 p - a scroll of teleportation {unknown}
Potions
 d - a potion of might
 g - 2 potions of curing
 h - a potion of degeneration {unknown}
 j - a potion of lignification {unknown}
 l - a potion of cancellation {unknown}
 o - a potion of heal wounds {unknown}


   Skills:
 + Level 4.7 Fighting
 + Level 3.3 Maces & Flails
 + Level 4.1 Armour
 + Level 4.2 Shields


You had 4 spell levels left.
You didn't know any spells.
Your spell library contained the following spells:

 Spells                   Type           Power      Damage    Failure   Level
 Kiss of Death            Conj/Necr      0%         2d5       83%         1
 Magic Dart               Conj           0%         1d3       83%         1
 Call Imp                 Summ           0%         N/A       92%         2
 Confusing Touch          Hex            0%         N/A       99%         3
 Mephitic Cloud           Conj/Pois/Air  0%         N/A       99%         3
 Dispel Undead            Necr           0%         3d6       100%        4


Dungeon Overview and Level Annotations

Branches:
Dungeon (3/15)

Altars:
Wu Jian


Message History

You are too injured to fight recklessly!
You are too injured to fight recklessly!
You closely miss the iguana.
The iguana is moderately wounded.
You block the bat's attack.
The hobgoblin hits you but does no damage.
The iguana bites you!
* * * LOW HITPOINT WARNING * * *
The bat closely misses you.
You feel better. The bat hits you but does no damage. The iguana bites you.
You block the hobgoblin's attack.
You barely miss the hobgoblin. You block the bat's attack.
The hobgoblin hits you but does no damage.
The iguana barely misses you.
The hobgoblin hits you but does no damage.
The iguana bites you.
You hit the hobgoblin but do no damage. The bat hits you but does no damage.
You block the bat's attack. The iguana bites you!
* * * LOW HITPOINT WARNING * * *
The hobgoblin hits you but does no damage.
You barely miss the hobgoblin. The bat hits you but does no damage.
The bat closely misses you. You block the iguana's attack.
You block the hobgoblin's attack.
You closely miss the hobgoblin. The bat closely misses you.
The iguana bites you.
* * * LOW HITPOINT WARNING * * *
You block the hobgoblin's attack. You block the iguana's attack.
The hobgoblin barely misses you.
You thump the hobgoblin!
You kill the hobgoblin!
The Council accepts your kill. The bat barely misses you.
You block the iguana's attack.
You spin and attack the iguana.
You hit the iguana.
The iguana is moderately wounded.
The bat barely misses you. The iguana barely misses you.
You thump the bat!
You kill the bat!
The Council accepts your kill. The iguana bites you!
You die...

..................###
.##.....###########
********** .####......###
*,,,,,,,,* ##,,######...#
*,,>,,,,,* #,,,,**,,##..##
*,,,,,,,,* #,,,,+,,,,#...#
*,,,,,,,,* **,,**,,,,##..###
***,,******
,+*+***,,**##...###*,,,.,,,*
,**,,,**+*,,##.†@.##....,,,*
**,,,,,**,,,,+...l......,,,*
*,,,,,,,*,,,,###†#......,,,*
*,,,8,,,**,,***#........,,^*
*,,,,,,,**+**,*##.#.#...,,,*
**,,,,,**,,**,*,,.#.#,..,,,*
+**,,,**,,,,*,*,*.#,#,,?,,,*
,,***+*+,,,,*,,,*.#,*,******
,,,**,,**,,**,***..,*,*


You could see an iguana.

Vanquished Creatures
  Jessica (D:3)
  Natasha (D:3)
  An adder (D:2)
  A worm (D:2)
  3 dart slugs
  4 orcs
  6 ball pythons
  6 endoplasms
  A giant cockroach (D:3)
  4 goblins
  10 hobgoblins
  A quokka (D:3)
  9 bats
  2 frilled lizards (D:2)
  4 kobolds
  8 rats
62 creatures vanquished.

Notes
Turn   | Place    | Note
-------+----------+-------------------------------------------
     0 | D:1      | dave1331 the Hill Orc Fighter began the quest for the Orb.
     0 | D:1      | Reached XP level 1. HP: 19/19 MP: 1/1
   251 | D:1      | Reached XP level 2. HP: 24/27 MP: 2/2
   381 | D:1      | Found a faded altar of an unknown god.
   400 | D:1      | Prayed at the altar of an unknown god.
   400 | D:1      | Became a worshipper of the Wu Jian Council
   400 | D:1      | Reached * piety under Wu Jian
   713 | D:1      | Reached XP level 3. HP: 33/33 MP: 3/3
  1236 | D:2      | Reached ** piety under Wu Jian
  1619 | D:2      | Reached XP level 4. HP: 35/40 MP: 4/4
  2215 | D:3      | Noticed Natasha
  2230 | D:3      | Killed Natasha
  2242 | D:3      | Noticed Jessica
  2247 | D:3      | Killed Jessica
  2248 | D:3      | Reached XP level 5. HP: 16/47 MP: 5/5
  2717 | D:3      | HP: 2/47 [iguana (5)]
  2720 | D:3      | Mangled by an iguana

Illustrated notes

Levels and vault maps discovered:
D:1:      shiori_shiawase, layout_basic, ebering_ecumenical_altar_petrified,
          serial_bayou_ford_a, minmay_door_square
D:2:      layout_loops_ring
D:3:      minmay_bubble_buster, layout_rooms, uniq_jessica, uniq_natasha

Skill      XL: |  1  2  3  4 |
---------------+-------------+-----
Fighting       | 4 |  4.7
Maces & Flails | 3 |  3.3
Armour         | 4 |  4.1
Shields        | 4 |  4.2

Action                   |  1- 3 |  4- 6 || total
-------------------------+-------+-------++-------
Melee: Flail             |   111 |    87 ||   198
Invok: Lunge             |     6 |     1 ||     7
       Whirlwind         |     5 |     5 ||    10
  Use: Scroll            |       |     3 ||     3
       Potion            |       |     1 ||     1
Armor: Scale mail        |    56 |    36 ||    92
Dodge: Dodged            |    44 |    41 ||    85
Block: Buckler           |    15 |    29 ||    44

Table legend: (Time is in decaauts)
 A = Elapsed time spent in this place.
 B = Non-inter-level travel time spent in this place.
 C = Inter-level travel time spent in this place.
 D = Time resting spent in this place.
 E = Time spent auto-exploring this place.
 F = Levels seen in this place.
 G = Mean time per level.
                   A        B        C        D        E       F      G
               +--------+--------+--------+--------+--------+-----+--------+
         Total |   2789 |   2755 |     34 |    508 |   1505 |   3 |  929.7 |
       Dungeon |   2789 |   2755 |     34 |    508 |   1505 |   3 |  929.7 |
               +--------+--------+--------+--------+--------+-----+--------+

Top non-repeatable levels by time:
     D:1: 1156 daAuts
     D:2: 914 daAuts
     D:3: 718 daAuts
